 Dungeon Crawl Stone Soup version 0.19.1-1-g22dce08 (webtiles) character file.

152 Gargoyl the Skirmisher (level 5, -3/43 (46) HPs)
             Began as a Ghoul Abyssal Knight on Dec 30, 2016.
             Was a Believer of Lugonu.
             Slain by Menkaure (15 damage)
             ... on level 4 of the Dungeon.
             The game lasted 00:06:40 (2531 turns).

Gargoyl the Skirmisher (Ghoul Abyssal Knight)       Turns: 2531, Time: 00:06:41

HP:   -3/43 (46)    AC:  7    Str: 16    XL:     5   Next: 34%
MP:   6/6           EV:  9    Int:  7    God:    Lugonu [**....]
Gold: 97            SH:  0    Dex:  9    Spells: 0 memorised, 4 levels left

rFire  + . .     SeeInvis .     d - +4 hand axe (flame)
rCold  + . .     Gourm    .     i - +0 scale mail
rNeg   + + +     Faith    +     (no shield)
rPois  ∞         Spirit   .     (no helmet)
rElec  .         Reflect  .     m - +0 cloak
rCorr  .         Harm     .     (no gloves)
MR     .....                    (no boots)
Stlth  ..........               j - amulet of faith
                                (no ring)
                                k - ring of protection from fire

@: rotting
A: rotting body, claws 1, carnivore 3, cold resistance 1, negative energy
resistance 3, slow regeneration 1, torment resistance, unbreathing
a: Depart the Abyss, Bend Space, Renounce Religion


You were on level 4 of the Dungeon.
You worshipped Lugonu.
Lugonu was pleased with you.
You were not hungry.

You visited 1 branch of the dungeon, and saw 4 of its levels.
You visited the Abyss 1 time.

You collected 97 gold pieces.

Inventory:

Hand Weapons
 a - a +1 hand axe
 d - a +4 hand axe of flaming (weapon)
Armour
 i - a +0 scale mail (worn)
 m - a +0 cloak (worn)
Jewellery
 j - an amulet of faith (around neck)
 k - a ring of protection from fire (left claw)
Scrolls
 b - 2 scrolls of noise {unknown}
 h - a scroll of amnesia
 l - a scroll of blinking
 n - a scroll of remove curse
Potions
 e - a potion of brilliance {unknown}
 g - 2 potions of heal wounds {unknown}
 o - 2 potions of cure mutation {unknown}
Comestibles
 c - 3 meat rations
 f - a slice of pizza


   Skills:
 + Level 3.8 Fighting
 + Level 3.4 Axes
 * Level 2.8 Armour
 + Level 1.1 Dodging
 * Level 3.0 Invocations


You had 4 spell levels left.
You didn't know any spells.

Dungeon Overview and Level Annotations

Branches:
Dungeon (4/15)
 Temple: D:4-7

Altars:

Annotations:
D:3 BoredOne's ghost, amateur TrFi
D:4 Menkaure


Innate Abilities, Weirdness & Mutations

Your body is rotting away.
You thrive on raw meat.
You are immune to poison.
You have sharp fingernails.
You are carnivorous and can eat meat at any time.
Your flesh is cold resistant. (rC+)
You are immune to negative energy. (rN+++)
You regenerate slowly when monsters are visible.
You are immune to unholy pain and torment.
You can survive without breathing.


Message History

You hit the bullfrog zombie. You burn the bullfrog zombie.
The bullfrog zombie is severely damaged.
The bullfrog zombie hits you but does no damage.
You slash the bullfrog zombie! You burn the bullfrog zombie.
You destroy the bullfrog zombie!
Lugonu accepts your kill.
Your Invocations skill increases to level 3!
You start resting.
Menkaure hits you!
You hit Menkaure. You burn Menkaure.
Menkaure is lightly damaged.
Menkaure barely misses you.
You hit Menkaure but do no damage.
Menkaure is lightly damaged.
Menkaure hits you!
* * * LOW HITPOINT WARNING * * *
You hit Menkaure. You burn Menkaure.
Menkaure is moderately damaged.
Menkaure hits you!
You die...

#. #.# #.# #........ #.##.# #.#
#.####### #.#.# #.# #.# ###
#..#####.# #.# ..# ##.......# #.#
#.###.o####### #.#
#.#.#.##########.# .
#.#.#M##........# .#
#..###@#.#####..# .# ##.#.#..#.#
##...####### .## #..##..<..#
#........... ..#
#.###.....####...####### ..#
#..........# ##..##.....
..########..##......# ##.##.####
....[...............#####.##.#
..#########...##....##.##.##.####
..# ####...##....#...#.......#


You could see Menkaure and an orc wizard.

Vanquished Creatures
  A bullfrog zombie (D:4)
  A hound (D:4)
  Ijyb (D:2)
  An adder (D:2)
  3 worms
  A dart slug (D:1)
  4 leopard geckos
  2 orcs (D:3)
  3 giant cockroaches (D:1)
  3 hobgoblins
  3 bats
  3 frilled lizards (D:2)
  8 goblins
  9 kobolds
  A leopard gecko skeleton (D:4)
  5 rats
49 creatures vanquished.

Notes
Turn   | Place    | Note
-------+----------+-------------------------------------------
     0 | Abyss:1  | Gargoyl the Ghoul Abyssal Knight began the quest for the Orb.
     0 | Abyss:1  | Reached XP level 1. HP: 19/19 MP: 1/1
    65 | Abyss:1  | Noticed a small abomination
    71 | D:1      | Escaped the Abyss
   199 | D:1      | Reached XP level 2. HP: 25/26 MP: 2/2
   369 | D:1      | Reached * piety under Lugonu
   702 | D:1      | Reached XP level 3. HP: 30/31 MP: 3/3
  1143 | D:2      | Noticed Ijyb
  1148 | D:2      | Reached skill level 1 in Dodging
  1160 | D:2      | Killed Ijyb
  1160 | D:2      | Reached XP level 4. HP: 28/39 MP: 5/5
  1437 | D:2      | Reached ** piety under Lugonu
  1452 | D:3      | Noticed BoredOne's ghost (amateur TrFi)
  2375 | D:4      | Reached XP level 5. HP: 25/41 MP: 6/6
  2477 | D:4      | Noticed Menkaure
  2531 | D:4      | Slain by Menkaure

Skill      XL: |  1  2  3  4  5 |
---------------+----------------+-----
Armour         | 2 |  2.8
Axes           | 2 3 |  3.4
Dodging        | 1 |  1.1
Invocations    | 3 |  3.0
Fighting       | |  3.8

Action                   |  1- 3 |  4- 6 || total
-------------------------+-------+-------++-------
Melee: Hand axe          |    86 |    67 ||   153
Invok: Depart the Abyss  |     1 |       ||     1
       Bend Space        |       |     1 ||     1
  Use: Scroll            |     6 |     3 ||     9
       Potion            |       |     1 ||     1
  Eat: Chunk             |    11 |     7 ||    18
Armor: Leather armour    |     3 |       ||     3
       Scale mail        |    39 |    44 ||    83
Dodge: Dodged            |    43 |    46 ||    89
